 Dungeon Crawl Stone Soup version 0.30-a0-965-g42e074c17a (webtiles) character file.

Game seed: 6057660206376835967

121 IdlyInterested the Ducker (level 4, -5/33 HPs)
             Began as a Demonspawn Gladiator on Mar 30, 2023.
             Slain by bande's ghost (7 damage)
             ... on level 3 of the Dungeon.
             The game lasted 00:06:35 (2464 turns).

IdlyInterested the Ducker (Demonspawn Gladiator)    Turns: 2464, Time: 00:06:36

Health: -5/33      AC: 10    Str: 14    XL:     4   Next: 76%
Magic:  4/4        EV: 13    Int: 10    God:
Gold:   41         SH:  5    Dex: 16    Spells: 3/3 levels left

rFire   . . .      SeeInvis .    n - +1 scimitar
rCold   . . .      Faith    .    (no shield)
rNeg    . . .      Spirit   .    b - +0 leather armour
rPois   .          Reflect  +    c - +0 helmet
rElec   .          Rampage  .    (no cloak)
rCorr   .                        (no gloves)
Will    .....                    (no boots)
Stlth   ++                       l - amulet of reflection
HPRegen 0.25/turn                (no ring)
MPRegen 0.09/turn                (no ring)

@: mighty, sanguine armoured
A: sanguine armour 1
a: no special abilities


You were on level 3 of the Dungeon.
You visited 1 branch of the dungeon, and saw 3 of its levels.

You collected 103 gold pieces.
You spent 62 gold pieces at shops.

Inventory:

Hand Weapons
 n - a +1 scimitar (weapon)
 o - a +2 falchion of flaming
Missiles
 d - 3 throwing nets (quivered)
 e - a javelin
 f - 34 stones
Armour
 b - a +0 leather armour (worn)
 c - a +0 helmet (worn)
Jewellery
 l - an amulet of reflection (around neck)
Wands
 r - a wand of flame (1)
Scrolls
 a - 2 scrolls of immolation
 g - a scroll of amnesia
 i - 3 scrolls of enchant weapon
 m - a scroll of noise {unknown}
 p - a scroll of identify
Potions
 j - a potion of heal wounds
 k - a potion of curing
 q - a potion of flight {unknown}


   Skills:
 - Level 2.0 Fighting
 + Level 3.7 Long Blades
 - Level 1.7 Throwing
 - Level 1.0 Armour
 * Level 3.8 Dodging
 - Level 1.0 Stealth
 - Level 1.0 Evocations


You had 3 spell levels left.
You didn't know any spells.
Your spell library contained the following spells:

 Spells                   Type           Power      Damage    Failure   Level
 Call Canine Familiar     Summ           0%         N/A       80%         3
 Portal Projectile        Hex/Tloc       0%         N/A       80%         3
 Leda's Liquefaction      Hex/Erth       0%         N/A       99%         4


Dungeon Overview and Level Annotations

Branches:
Dungeon (3/15)

Altars:
Fedhas
Makhleb
Vehumet

Shops:
D:2 (

Annotations:
D:3 bande's ghost, amateur GrFi


Innate Abilities, Weirdness & Mutations

When seriously injured, your blood forms armour. (AC +6)


Message History

The orc attacks as you move away! The orc hits you but does no damage.
You see here a +0 club.
You closely miss the orc. The orc completely misses you.
You hit the orc.
The orc is moderately wounded.
You block the orc's attack. The orc hits you but does no damage.
You feel very mighty all of a sudden. The orc hits you but does no damage.
You slash the orc!
You kill the orc!
You hit bande's ghost.
Bande's ghost is lightly damaged.
Bande's ghost wails.
Bande's ghost closely misses you.
You slice bande's ghost!!
Bande's ghost is severely damaged.
Bande's ghost hits you.
You closely miss bande's ghost.
Bande's ghost is severely damaged.
Bande's ghost hits you!
Your blood congeals into armour.
You block bande's ghost's attack.
You barely miss bande's ghost.
Bande's ghost is severely damaged.
Bande's ghost closely misses you.
You closely miss bande's ghost.
Bande's ghost is severely damaged.
Bande's ghost closely misses you.
You completely miss bande's ghost.
Bande's ghost is severely damaged.
Bande's ghost hits you!
* * * LOW HITPOINT WARNING * * *
You closely miss bande's ghost.
Bande's ghost is severely damaged.
Bande's ghost closely misses you.
You completely miss bande's ghost.
Bande's ghost is severely damaged.
Bande's ghost hits you.
* * * LOW HITPOINT WARNING * * *
Bande's ghost hits you!
You die...

### #....##.......#
#.############ #....######.#..
#........#...######....# #.#.#
#.######.#.#.#...##....######'#..
#................................
...........#.#.#.###########....#
....<...)#...#.#.# #######.....
........##.#...#.# #.....#...##
##.#....##.#.###@# #.....8#####
##.#.#.###.....#W#####......#[...
>...............oo...#......#..##
.....#.##....#...#[W..o.....#o.#8
.....#.##.########..........#).##
.....#.####### #......##..#.#o.
........##_._## #......##..'.#..
........#.....# ######.....'.#.8
........##...## #.......'.#..


You could see bande's ghost and 2 orcs.

Vanquished Creatures
  A crimson imp (D:3)
  4 adders (D:3)
  2 worms
  3 orcs (D:3)
  2 endoplasms
  A giant cockroach (D:3)
  5 hobgoblins
  A quokka (D:1)
  5 ball pythons
  8 bats
  A frilled lizard (D:3)
  3 goblins
  A kobold (D:2)
  8 rats
45 creatures vanquished.

Notes
Turn   | Place    | Note
-------+----------+-------------------------------------------
     0 | D:1      | IdlyInterested the Demonspawn Gladiator began the quest for
                  | the Orb.
     0 | D:1      | Reached XP level 1. HP: 16/16 MP: 1/1
   271 | D:1      | Reached skill level 1 in Armour
   321 | D:1      | Gained mutation: When seriously injured, your blood forms
                  | armour. (AC +6) [demonic ancestry]
   321 | D:1      | Reached XP level 2. HP: 12/22 MP: 2/2
   678 | D:1      | Reached skill level 1 in Stealth
   921 | D:2      | Found a blossoming altar of Fedhas.
  1118 | D:2      | Found Xeco's Weapon Boutique.
  1374 | D:2      | Reached XP level 3. HP: 22/27 MP: 3/3
  1500 | D:2      | Reached skill level 1 in Evocations
  1627 | D:2      | Bought a +0 scimitar for 52 gold pieces
  1627 | D:2      | Bought 6 stones for 7 gold pieces
  1627 | D:2      | Bought 3 stones for 3 gold pieces
  1997 | D:3      | Found a runed translucent gate.
  1998 | D:3      | Found a runed translucent gate.
  1999 | D:3      | Found a runed translucent gate.
  2001 | D:3      | Noticed bande's ghost (amateur GrFi)
  2003 | D:3      | Identified the +0 sling "Xeschy Irpheu" {freeze, Drain
                  | rElec rF+}
  2003 | D:3      | Identified the +1 ring mail of Zilus {rF+ SInv}
  2039 | D:3      | Reached XP level 4. HP: 29/33 MP: 4/4
  2383 | D:3      | Found a radiant altar of Vehumet.
  2384 | D:3      | Found a burning altar of Makhleb.
  2464 | D:3      | Slain by bande's ghost

Illustrated notes

Levels and vault maps discovered:
D:1:      zaba_arrival_water, layout_basic
D:2:      layout_loops_ring, basic_altar, serial_shops,
          nicolae_shop_bloodbath_and_beyond, minivault_4
D:3:      layout_basic, grunt_temple_overflow_lords_of_destruction,
          biasface_ghost_orc_armoury, serial_curves, eino_curves_02,
          eino_curves_01, eino_curves_02

Skill      XL: |  1  2  3 |
---------------+----------+-----
Armour         | 1 |  1.0
Stealth        | 1 |  1.0
Long Blades    | 3 |  3.7
Evocations     | 1 |  1.0
Dodging        | 3 |  3.8
Fighting       | |  2.0
Throwing       | |  1.7

Action                     |  1- 3 |  4- 6 || total
---------------------------+-------+-------++-------
  Melee: Long sword        |    65 |       ||    65
         Punch             |     1 |       ||     1
         Scimitar          |    26 |    38 ||    64
    Use: Scroll            |     8 |       ||     8
         Potion            |       |     1 ||     1
   Stab: Sleeping          |     2 |       ||     2
 Armour: Leather armour    |    30 |    11 ||    41
  Dodge: Dodged            |    57 |    27 ||    84
  Block: Other             |     8 |     6 ||    14

Table legend: (Time is in decaauts)
 A = Elapsed time spent in this place.
 B = Non-inter-level travel time spent in this place.
 C = Inter-level travel time spent in this place.
 D = Time resting spent in this place.
 E = Time spent auto-exploring this place.
 F = Levels seen in this place.
 G = Mean time per level.
                   A        B        C        D        E       F      G
               +--------+--------+--------+--------+--------+-----+--------+
         Total |   2502 |   2146 |    356 |     54 |   1512 |   3 |  834.0 |
       Dungeon |   2502 |   2146 |    356 |     54 |   1512 |   3 |  834.0 |
               +--------+--------+--------+--------+--------+-----+--------+

Top non-repeatable levels by time:
     D:1: 973 daAuts
     D:2: 842 daAuts
     D:3: 686 daAuts
